 Dungeon Crawl Stone Soup version 0.27-a0-1154-gfdeffcb720 (webtiles) character file.

Game seed: 8036155459842987892

389 chippings the Cudgeller (level 6, -3/48 HPs)
             Began as a Mummy Gladiator on May 14, 2021.
             Was a Believer of Fedhas.
             Slain by an ogre
             ... wielding a +0 giant club
              (12 damage)
             ... on level 4 of the Dungeon.
             The game lasted 00:05:05 (3593 turns).

chippings the Cudgeller (Mummy Gladiator)           Turns: 3593, Time: 00:05:06

Health: -3/48      AC: 16    Str: 25    XL:     6   Next: 49%
Magic:  4/7        EV:  9    Int:  8    God:    Fedhas [**....]
Gold:   168        SH:  0    Dex: 13    Spells: 5/5 levels left

rFire    . . .     SeeInvis .   j - +1 flail (protect)
rCold    + . .     Faith    .   (no shield)
rNeg     + + +     Spirit   .   k - +0 chain mail
rPois    ∞         Reflect  .   c - +0 helmet
rElec    .         Harm     .   (no cloak)
rCorr    .         Rampage  .   (no gloves)
Will     .....                  (no boots)
Stlth    ..........             (no amulet)
HPRegen  0.16/turn              h - +6 ring of strength
MPRegen  0.10/turn              l - ring of protection from fire

@: under a protective aura
A: cold resistance 1, negative energy resistance 3, torment resistance 2, heat
vulnerability 1, no potions
a: Renounce Religion, Wall of Briars


You were on level 4 of the Dungeon.
You worshipped Fedhas.
Fedhas was pleased with you.
You visited 1 branch of the dungeon, and saw 4 of its levels.

You collected 168 gold pieces.

Inventory:

Hand Weapons
 j - a +1 flail of protection (weapon)
Missiles
 a - 6 atropa-tipped darts
 d - 3 throwing nets (quivered)
Armour
 c - a +0 helmet (worn)
 k - a +0 chain mail (worn)
Magical Staves
 i - a staff of fire
Jewellery
 h - a +6 ring of strength (left hand)
 l - a ring of protection from fire (right hand)
Wands
 f - a wand of charming (8)
Scrolls
 b - a scroll of enchant armour
 e - a scroll of teleportation
 g - a scroll of blinking {unknown}


   Skills:
 + Level 3.9 Fighting
 * Level 4.7 Maces & Flails
 - Level 1.5 Throwing
 - Level 2.4 Dodging
 + Level 2.4 Invocations


You had 5 spell levels left.
You didn't know any spells.
Your spell library contained the following spells:

 Spells                   Type           Power      Damage    Failure   Level
 Foxfire                  Conj/Fire      0%         2x1d4     98%         1
 Conjure Flame            Conj/Fire      0%         6-21      100%        3
 Inner Flame              Hex/Fire       0%         N/A       100%        3
 Sticky Flame             Conj/Fire      0%         2d3       100%        4
 Fireball                 Conj/Fire      0%         3d3       100%        5


Dungeon Overview and Level Annotations

Branches:
Dungeon (4/15)
 Temple: D:4-7

Altars:
Cheibriados
Fedhas
Qazlal

Shops:
D:3 *


Innate Abilities, Weirdness & Mutations

You are immune to poison.
Your flesh is cold resistant. (rC+)
You are immune to negative energy. (rN+++)
You are immune to unholy pain and torment.
You are vulnerable to heat. (rF-)
You do not drink.


Message History

You feel stronger.
Menkaure, Prince of Dust comes into view.
Menkaure shouts!
Found a pair of gloves.
A quokka comes into view.
You thump Menkaure!
Your weapon exudes an aura of protection.
Menkaure is moderately damaged.
Menkaure hits you!
You sock Menkaure!
Menkaure is severely damaged.
Menkaure hits you but does no damage.
You completely miss Menkaure.
Menkaure is severely damaged.
Menkaure hits you but does no damage.
You hit Menkaure.
Menkaure is severely damaged.
You hit Menkaure.
Menkaure is almost destroyed.
Menkaure barely misses you.
You sock Menkaure!
You destroy Menkaure!
Fedhas accepts your kill.
You hit the ogre.
The ogre is lightly wounded.
The ogre barely misses you.
You thump the ogre!
The ogre is heavily wounded.
The ogre barely misses you.
You thump the ogre!
The ogre is almost dead.
The ogre hits you with a +0 giant club!
You barely miss the ogre.
The ogre is almost dead.
The ogre hits you with a +0 giant club!
* * * LOW HITPOINT WARNING * * *
A briar patch grows up from the ground.
You walk carefully through the plants.
The ogre hits you with a +0 giant club!
You die...
Fedhas appreciates your contribution to the ecosystem.

##. .. . #.. ..
. #.. . . #.#.#
. #.####.#.#
########.
#.......[#
...$..$.# #r#
###########.#
#O#
#...........#
#@#
#.###########
#.####.#
#...##.#
###.##.# #.##.#
#.##.# #####
#.##.#######....
#.##.>.....#.###
#.######.....#


You could see an ogre (ally target) and a quokka.

Vanquished Creatures
  Menkaure (D:4)
  A black bear (D:4)
  A hound (D:4)
  Terence (D:2)
  Natasha (D:3)
  3 adders
  An ufetubus (D:4)
  An adder skeleton (D:4)
  A worm (D:2)
  3 dart slugs
  3 bats
  8 endoplasms
  4 giant cockroaches
  4 goblins
  2 hobgoblins (D:1)
  12 jackals
  3 kobolds
  3 quokkas
  5 ball pythons
  A frilled lizard (D:2)
  3 rats
62 creatures vanquished.

Vanquished Creatures (collateral kills)
  A bat (D:2)
1 creature vanquished.

Grand Total: 63 creatures vanquished

Notes
Turn   | Place    | Note
-------+----------+-------------------------------------------
     0 | D:1      | chippings the Mummy Gladiator began the quest for the Orb.
     0 | D:1      | Reached XP level 1. HP: 16/16 MP: 1/1
   237 | D:1      | Reached XP level 2. HP: 15/22 MP: 2/2
   412 | D:1      | Reached skill level 3 in Maces & Flails
   499 | D:1      | Found a faded altar of an unknown god.
   510 | D:1      | Became a worshipper of Fedhas Madash
   510 | D:1      | Reached * piety under Fedhas
   648 | D:1      | Reached XP level 3. HP: 25/28 MP: 3/3
  1390 | D:2      | Noticed Terence
  1624 | D:2      | Found a snail-covered altar of Cheibriados.
  1920 | D:3      | Found Ytiyjai's General Store.
  2269 | D:3      | Reached ** piety under Fedhas
  2270 | D:3      | Reached skill level 1 in Invocations
  2270 | D:3      | Reached XP level 4. HP: 31/34 MP: 4/4
  2349 | D:3      | Found a stormy altar of Qazlal.
  2394 | D:3      | Noticed Natasha
  2399 | D:3      | Killed Natasha
  2556 | D:2      | Killed Terence
  3067 | D:4      | Reached XP level 5. HP: 41/41 MP: 6/6
  3143 | D:4      | Noticed an ogre
  3148 | D:4      | HP: 1/41 [ogre/+0 giant club (10)]
  3461 | D:4      | Noticed a black bear
  3473 | D:4      | Killed a black bear
  3474 | D:4      | Reached skill level 4 in Maces & Flails
  3543 | D:4      | Reached XP level 6. HP: 43/47 MP: 7/7
  3577 | D:4      | Noticed Menkaure
  3587 | D:4      | Killed Menkaure
  3593 | D:4      | Slain by an ogre

Illustrated notes

Levels and vault maps discovered:
D:1:      dpeg_arrival_three_same_balls, layout_loops_ring,
          chequers_ecumenical_altar_simple, chequers_serial_rivers_micro_d
D:2:      layout_rooms, basic_altar, minmay_pentomino_u2, uniq_terence
D:3:      layout_loops_ring, grunt_qazlal_clouds, serial_shops, shop,
          minmay_cut_off, uniq_natasha
D:4:      layout_loops_ring, grunt_ministairs_8, uniq_menkaure

Skill      XL: |  1  2  3  4  5 |
---------------+----------------+-----
Maces & Flails | 3 4 |  4.7
Invocations    | 1 2 |  2.4
Fighting       | 3 |  3.9
Throwing       | |  1.5
Dodging        | |  2.4

Action                   |  1- 3 |  4- 6 || total
-------------------------+-------+-------++-------
Melee: Flail             |   140 |    61 ||   201
Invok: Wall of Briars    |       |     2 ||     2
Evoke: Wand              |       |     2 ||     2
  Use: Scroll            |     2 |       ||     2
Armor: Leather armour    |     7 |       ||     7
       Ring mail         |    79 |     2 ||    81
       Chain mail        |       |    45 ||    45
Dodge: Dodged            |   119 |    30 ||   149

Table legend: (Time is in decaauts)
 A = Elapsed time spent in this place.
 B = Non-inter-level travel time spent in this place.
 C = Inter-level travel time spent in this place.
 D = Time resting spent in this place.
 E = Time spent auto-exploring this place.
 F = Levels seen in this place.
 G = Mean time per level.
                   A        B        C        D        E       F      G
               +--------+--------+--------+--------+--------+-----+--------+
         Total |   3640 |   3502 |    138 |      0 |   2586 |   4 |  910.0 |
       Dungeon |   3640 |   3502 |    138 |      0 |   2586 |   4 |  910.0 |
               +--------+--------+--------+--------+--------+-----+--------+

Top non-repeatable levels by time:
     D:1: 1283 daAuts
     D:3: 871 daAuts
     D:2: 834 daAuts
     D:4: 651 daAuts
